 Dungeon Crawl Stone Soup version 0.29-a0-892-g2c4c91d9db (webtiles) character file.

Game seed: 3353451240064585011

1108 Mesmaeker13 the Caller (level 7, 0/50 HPs)
             Began as a Demigod Summoner on July 22, 2022.
             Succumbed to a water moccasin's poison
             ... on level 4 of the Dungeon.
             The game lasted 00:12:42 (6263 turns).

Mesmaeker13 the Caller (Demigod Summoner)           Turns: 6263, Time: 00:12:42

Health: 0/50       AC: 10    Str: 17    XL:     7   Next: 86%
Magic:  16/16      EV: 13    Int: 17    God:
Gold:   405        SH:  0    Dex: 14    Spells: 5/14 levels left

rFire   . . .      SeeInvis .   r - +0 spear (venom)
rCold   + . .      Faith    .   (no shield)
rNeg    . . .      Spirit   .   x - +2 leather armour {rC+}
rPois   .          Reflect  .   (no helmet)
rElec   .          Harm     .   (no cloak)
rCorr   +          Rampage  .   (no gloves)
Will    .....                   C - +0 pair of boots
Stlth   ++........              i - amulet of magic regeneration
HPRegen 0.16/turn               o - +4 ring of protection
MPRegen 0.55/turn               p - ring of resist corrosion

@: lethally poisoned (0 -> -11)
A: high MP 1, forlorn, divine attributes
a: no special abilities


You were on level 4 of the Dungeon.
You visited 1 branch of the dungeon, and saw 5 of its levels.

You collected 405 gold pieces.

Inventory:

Hand Weapons
 h - a +3 long sword of draining
 r - a +0 spear of venom (weapon)
 z - a +1 whip of electrocution
Missiles
 e - 16 poisoned darts
Armour
 g - an orb of energy
 q - the +6 leather armour of Emolokho {Harm}
   (You found it on level 4 of the Dungeon)

   Harm:      It increases damage dealt and taken.
 x - a +2 leather armour of cold resistance (worn)
 C - a +0 pair of boots (worn)
Jewellery
 i - an amulet of magic regeneration (around neck)
 o - a +4 ring of protection (left hand)
 p - a ring of resist corrosion (right hand)
Wands
 D - a wand of roots (7)
Scrolls
 a - a scroll of poison {unknown}
 c - a scroll of enchant armour {unknown}
 f - 2 scrolls of vulnerability
 t - 2 scrolls of teleportation
 y - a scroll of brand weapon {unknown}
 B - 3 scrolls of noise {unknown}
Potions
 b - a potion of magic
 d - a potion of haste
 j - 3 potions of attraction
 k - 2 potions of heal wounds
 l - a potion of might {unknown}
 n - a potion of brilliance {unknown}
 s - a potion of degeneration {unknown}
 u - a potion of mutation {unknown}
 v - 3 potions of ambrosia {unknown}
 w - a potion of berserk rage {unknown}
 A - a potion of resistance {unknown}


   Skills:
 + Level 5.1 Dodging
 - Level 1.7 Stealth
 - Level 4.2 Spellcasting
 + Level 3.0 Hexes
 + Level 6.1 Summonings


You had 5 spell levels left.
You knew the following spells:

 Your Spells              Type           Power      Damage    Failure   Level
a - Summon Small Mammal   Summ           96%        N/A       1%          1
b - Call Imp              Summ           24%        N/A       2%          2
c - Call Canine Familiar  Summ           24%        N/A       4%          3
d - Summon Guardian Gole  Hex/Summ       19%        N/A       9%          3

Your spell library contained the following spells:

 Spells                   Type           Power      Damage    Failure   Level
 Sublimation of Blood     Necr           3%         N/A       28%         2
 Summon Lightning Spire   Summ/Air       13%        N/A       47%         4
 Gell's Gravitas          Tloc           3%         N/A       50%         3
 Teleport Other           Tloc           3%         N/A       50%         3
 Petrify                  Tmut/Erth      3%         N/A       88%         4
 Irradiate                Conj/Tmut      1%         3d12      99%         5
 Dispersal                Tloc           1%         N/A       100%        6


Dungeon Overview and Level Annotations

Branches:
Dungeon (5/15)
 Temple: D:4-7

Shops:
D:5 =

Annotations:
D:5 4 runed translucent doors


Innate Abilities, Weirdness & Mutations

You have an increased reservoir of magic. (+10% MP)
You shall have no god before yourself.
Your divine heritage dramatically boosts your attributes as you level up.


Message History

The water moccasin poisons you!
You feel very sick.
The water moccasin attacks as you move away!
The water moccasin bites you.
* * * LOW HITPOINT WARNING * * *
You feel very sick.
The water moccasin bites you but does no damage.
The water moccasin attacks as you move away!
The water moccasin misses you.
You feel sick.
Your surroundings suddenly seem different.
You feel sick.
You feel sick.
You feel better.
Okay, then.
The water moccasin barely misses you.
The water moccasin bites you but does no damage.
The two-headed ogre hits your guardian golem but does no damage.
The two-headed ogre hits your guardian golem with a +0 giant club!
Flame seeps out of your guardian golem.
Your guardian golem is engulfed in blazing flames.
Flame seeps out of your guardian golem.
Your guardian golem is engulfed in blazing flames.
Flame seeps out of your guardian golem.
The water moccasin attacks as you move away!
The water moccasin bites you.
You are lethally poisoned!
The water moccasin poisons you!
* * * LOW HITPOINT WARNING * * *
You feel very sick. Something hits your guardian golem!!
Your guardian golem disappears in a puff of smoke!
Your guardian golem explodes!
The water moccasin misses you.
There is a stone staircase leading up here.
* * * LOW HITPOINT WARNING * * *
You feel very sick. The water moccasin bites you!
* * * LOW HITPOINT WARNING * * *
You climb upwards.
You die...

#.#.# #..##.
#######)#.###.###.
#.............# #.
#.#####.#.###.###.
#.# #.#.# #.....
#.# #.#.###.###.
#.# #.#.....# ##
#S# #.###.#.####
#@# #...........
#.# #####.#.####
#.# #.#.# #.#
#.#.#### #.#
#.......
#.#########.#.####
#....(......###
#############


You could see a water moccasin.

Vanquished Creatures
  2 centaurs (D:5)
  2 phantoms
  A kobold brigand (D:4)
  3 scorpions
  2 hounds
  A gnoll bouda (D:4)
  A jelly (D:4)
  2 iguanas
  Robin (D:3)
  3 gnolls
  5 adders
  4 dart slugs
  3 orcs
  4 bats
  6 endoplasms
  7 giant cockroaches
  15 goblins
  9 hobgoblins
  4 jackals
  8 kobolds
  A quokka (D:3)
  7 ball pythons
  4 frilled lizards
  12 rats
107 creatures vanquished.

Vanquished Creatures (collateral kills)
  An orc priest (D:3)
  An orc wizard (D:3)
  7 gnolls
  4 adders
  5 orcs
  9 goblins
  2 hobgoblins
  4 jackals
  2 kobolds (D:1)
  A quokka (D:1)
  A ball python (D:1)
  2 frilled lizards
  4 rats
43 creatures vanquished.

Grand Total: 150 creatures vanquished

Notes
Turn   | Place    | Note
-------+----------+-------------------------------------------
     0 | D:1      | Mesmaeker13 the Demigod Summoner began the quest for the
                  | Orb.
     0 | D:1      | Reached XP level 1. HP: 14/14 MP: 5/5
   554 | D:1      | Reached XP level 2. HP: 18/20 MP: 4/7
  1240 | D:1      | Reached skill level 4 in Summonings
  1240 | D:1      | Reached XP level 3. HP: 23/26 MP: 9/9
  1769 | D:2      | Learned a level 2 spell: Call Imp
  2168 | D:2      | Reached XP level 4. HP: 28/33 MP: 8/10
  3086 | D:3      | Noticed a +0 short sword
  3086 | D:3      | Noticed a +0 spear
  3086 | D:3      | Noticed a +0 falchion
  3090 | D:3      | Noticed a +0 spear
  3090 | D:3      | Noticed a +0 dagger
  3090 | D:3      | Noticed a +0 dagger
  3092 | D:3      | Noticed a +0 short sword
  3094 | D:3      | Noticed a +0 falchion
  3274 | D:3      | Reached XP level 5. HP: 38/38 MP: 12/12
  3500 | D:3      | Learned a level 3 spell: Call Canine Familiar
  3788 | D:3      | Noticed Robin
  3798 | D:3      | Killed Robin
  4393 | D:4      | Reached XP level 6. HP: 27/45 MP: 14/14
  4521 | D:4      | Reached skill level 5 in Summonings
  4566 | D:4      | Learned a level 3 spell: Summon Guardian Golem
  4804 | D:4      | Reached skill level 1 in Hexes
  5255 | D:4      | Reached XP level 7. HP: 50/50 MP: 16/16
  5440 | D:4      | Identified the +6 leather armour of Emolokho {Harm}
  5728 | D:5      | Entered Level 5 of the Dungeon
  6021 | D:5      | Found a large runed translucent door.
  6021 | D:5      | Found a large runed translucent door.
  6028 | D:5      | Noticed a hornet
  6064 | D:5      | Found a large runed translucent door.
  6066 | D:5      | Found a large runed translucent door.
  6119 | D:5      | Reached skill level 5 in Dodging
  6119 | D:5      | Reached skill level 6 in Summonings
  6128 | D:5      | Noticed a two-headed ogre
  6187 | D:5      | Found Hevvufee's Jewellery Shop.
  6262 | D:5      | HP: 2/50 [water moccasin (7)]
  6263 | D:4      | Succumbed to a water moccasin's poison

Illustrated notes

Levels and vault maps discovered:
D:1:      dpeg_arrival_ratfight, layout_basic
D:2:      layout_loops_ring, shapermc_ecumenical_altar_gd
D:3:      kennysheep_goblin_castle, layout_loops_ring,
          nicolae_uskayaw_en_pointe, amcnicky_altar_gilded, grunt_gozag_statues
D:4:      minmay_clustersquares, layout_loops_ring,
          nicolae_ru_great_annihilating_truth,
          mainiacjoe_overflow_surrounded_room, st_stairs_9,
          minmay_misc_feat_square
D:5:      layout_basic, okawaru_metal_pillars_3,
          minmay_shop_enchanted_jewellery, minmay_hollow_rounded_squares

Skill      XL: |  1  2  3  4  5  6  7 |
---------------+----------------------+-----
Dodging        | 2 3 4 5 |  5.1
Spellcasting   | 2 3 4 |  4.2
Summonings     | 4 5 6 |  6.1
Hexes          | 1 3 |  3.0
Stealth        | |  1.7

Action                   |  1- 3 |  4- 6 |  7- 9 || total
-------------------------+-------+-------+-------++-------
Melee: Dagger            |    85 |    11 |       ||    96
       Unarmed           |     9 |       |       ||     9
       Spear             |       |   176 |    71 ||   247
       Punch             |       |     2 |     1 ||     3
 Cast: Summon Small Mamm |    27 |     1 |       ||    28
       Call Imp          |     6 |    13 |     2 ||    21
       Call Canine Famil |       |    16 |     8 ||    24
       Summon Guardian G |       |       |     3 ||     3
  Use: Scroll            |       |     5 |     2 ||     7
       Potion            |       |     1 |     4 ||     5
 Stab: Sleeping          |     3 |    10 |     2 ||    15
       Paralysed         |       |     1 |       ||     1
Armor: Robe              |    24 |    21 |       ||    45
       Leather armour    |       |    18 |    40 ||    58
Dodge: Dodged            |    73 |    80 |    71 ||   224

Table legend: (Time is in decaauts)
 A = Elapsed time spent in this place.
 B = Non-inter-level travel time spent in this place.
 C = Inter-level travel time spent in this place.
 D = Time resting spent in this place.
 E = Time spent auto-exploring this place.
 F = Levels seen in this place.
 G = Mean time per level.
                   A        B        C        D        E       F      G
               +--------+--------+--------+--------+--------+-----+--------+
         Total |   6289 |   6039 |    250 |   1133 |   3384 |   5 | 1257.8 |
       Dungeon |   6289 |   6039 |    250 |   1133 |   3384 |   5 | 1257.8 |
               +--------+--------+--------+--------+--------+-----+--------+

Top non-repeatable levels by time:
     D:1: 1747 daAuts
     D:3: 1553 daAuts
     D:4: 1291 daAuts
     D:2: 1200 daAuts
     D:5: 496 daAuts
